 Dungeon Crawl Stone Soup version 0.25-a0-365-g7600c65aa0 (webtiles) character file.

Game seed: 4811861413093460180, levelgen mode: deterministic

140 Inarius the Skirmisher (level 5, -5/41 HPs)
             Began as a Demonspawn Abyssal Knight on Jan 5, 2020.
             Was a Believer of Lugonu.
             Killed by divine providence
             ... invoked by an orc priest
              (14 damage)
             ... on level 3 of the Dungeon.
             The game lasted 00:03:58 (2552 turns).

Inarius the Skirmisher (Demonspawn Abyssal Knight)  Turns: 2552, Time: 00:03:59

Health: -5/41      AC: 10    Str: 19    XL:     5   Next: 2%
Magic:  7/7        EV:  8    Int: 13    God:    Lugonu [**....]
Gold:   70         SH:  8    Dex: 12    Spells: 4/4 levels left

rFire    . . .     SeeInvis .   a - +1 hand axe
rCold    + . .     Gourm    .   m - +0 shield
rNeg     . . .     Faith    .   v - +0 chain mail
rPois    +         Spirit   .   (helmet restricted)
rElec    .         Reflect  .   (no cloak)
rCorr    .         Harm     .   (no gloves)
MR       .....                  (no boots)
Stlth    ..........             (no amulet)
HPRegen  0.13/turn              i - ring of poison resistance
MPRegen  0.10/turn              d - +3 ring of evasion

@: mighty
A: antennae 1, slimy green scales 1, cold resistance 1, powered by pain 1
a: Depart the Abyss, Bend Space, Renounce Religion


You were on level 3 of the Dungeon.
You worshipped Lugonu.
Lugonu was pleased with you.
You were hungry.

You visited 1 branch of the dungeon, and saw 3 of its levels.
You visited the Abyss 1 time.

You collected 70 gold pieces.

Inventory:

Hand Weapons
 a - a +1 hand axe (weapon)
Armour
 m - a +0 shield (worn)
 v - a +0 chain mail (worn)
Jewellery
 b - an uncursed ring of protection from cold
 d - a +3 ring of evasion (right hand)
 i - a ring of poison resistance (left hand)
 q - an uncursed ring of positive energy
Scrolls
 e - a scroll of amnesia {unknown}
 j - 2 scrolls of identify {unknown}
 l - a scroll of enchant armour {unknown}
 n - a scroll of blinking {unknown}
 p - 2 scrolls of teleportation {unknown}
 r - a scroll of immolation {unknown}
Potions
 g - a potion of lignification {unknown}
 h - a potion of might {unknown}
 o - 3 potions of cancellation {unknown}
 s - a potion of heal wounds {unknown}
 t - 2 potions of magic {unknown}
 u - a potion of curing {unknown}
Comestibles
 c - 7 rations
 f - 3 chunks of flesh


   Skills:
 + Level 3.3 Fighting
 * Level 3.2 Axes
 + Level 2.5 Armour
 + Level 1.3 Dodging
 + Level 0.8 Stealth
 + Level 0.9 Shields
 * Level 3.2 Invocations


You had 4 spell levels left.
You didn't know any spells.
Your spell library was empty.

Dungeon Overview and Level Annotations

Branches:
Dungeon (3/15)

Altars:


Innate Abilities, Weirdness & Mutations

You have a pair of small antennae on your head.
You are partially covered in slimy green scales. (AC +2)
Your flesh is cold resistant. (rC+)
You sometimes gain a little power by taking damage.


Message History

The orc priest looks braver for a moment.
The orc priest casts a cantrip, but nothing happens.
The orc priest barely misses you.
The orc priest begins to cast a cantrip, but forgets the words!
You aren't carrying any items that you can evoke.
Unknown command.
The orc priest casts a cantrip, but nothing happens.
The orc priest miscasts a cantrip.
You are feeling hungry.
The orc priest invokes the aid of Beogh against you.
Beogh smites you!
The orc priest looks braver for a moment.
The orc priest mumbles some strange prayers to Beogh against you.
Beogh smites you!
* * * LOW HITPOINT WARNING * * *
You focus on the pain.
You feel very mighty all of a sudden.
The orc priest mumbles some strange prayers to Beogh against you.
Beogh smites you!
You die...

# #.##.#..#.######.# #
#.##.#..#........#
##########.##.#..##########
...........##.#).###...... .#
#############.#..##...... ..#
####......###.#..#.....♣♣ ..#
...'......'...#..#.#[...♣ ..#
####÷.....#####..#.#.^.♣.♣..##
#......##....@#....♣♣♣....#
#......##.###.#..........#
#......##.# #.#o#÷.......#
############.# #.#.#...##.###
.÷....... #.# #.#.#..###.#
.###########.# #.#.######o#
.####.###.##.# #.#.o....#o#
...#.#_#.#...# #o######.#.#
###.###.####.# #o# #.#.#


You could see an orc priest.

Vanquished Creatures
  Terence (D:2)
  4 adders
  An adder skeleton (D:2)
  2 dart slugs
  3 leopard geckos (D:2)
  5 orcs (D:3)
  A ball python (D:3)
  6 giant cockroaches (D:2)
  8 hobgoblins
  3 jackals (D:1)
  5 bats
  5 frilled lizards (D:2)
  A giant cockroach zombie (D:2)
  5 goblins
  9 kobolds
  4 rats
63 creatures vanquished.

Notes
Turn   | Place    | Note
-------+----------+-------------------------------------------
     0 | Abyss:1  | Inarius the Demonspawn Abyssal Knight began the quest for
                  | the Orb.
     0 | Abyss:1  | Reached XP level 1. HP: 18/18 MP: 2/2
    32 | Abyss:1  | Noticed a small abomination
    50 | Abyss:1  | Noticed a rust devil
    53 | D:1      | Escaped the Abyss
   720 | D:1      | Reached skill level 1 in Dodging
   899 | D:1      | Gained mutation: Your flesh is cold resistant. (rC+)
                  | [demonic ancestry]
   899 | D:1      | Reached XP level 2. HP: 21/24 MP: 3/3
  1281 | D:2      | Gained mutation: You sometimes gain a little power by
                  | taking damage. [demonic ancestry]
  1281 | D:2      | Reached XP level 3. HP: 28/29 MP: 5/5
  1300 | D:2      | Reached ** piety under Lugonu
  1542 | D:2      | Gained mutation: You have a pair of small antennae on your
                  | head. [demonic ancestry]
  1542 | D:2      | Reached XP level 4. HP: 35/35 MP: 6/6
  1642 | D:2      | Noticed Terence
  1652 | D:2      | Killed Terence
  1964 | D:3      | Found a faded altar of an unknown god.
  2453 | D:3      | Gained mutation: You are partially covered in slimy green
                  | scales. (AC +2) [demonic ancestry]
  2453 | D:3      | Reached XP level 5. HP: 35/41 MP: 7/7
  2552 | D:3      | Killed from afar by an orc priest

Levels and vault maps discovered:
D:1:      beargit_arrival_greenhouse, layout_basic
D:2:      layout_basic, serial_undead, serial_undead_e, serial_undead_c,
          serial_undead_b, serial_undead_e, serial_undead_c, uniq_terence
D:3:      layout_basic, lemuel_doored_altar, chequers_ecumenical_altar_twisty,
          first_ration, chequers_garden

Skill      XL: |  1  2  3  4 |
---------------+-------------+-----
Dodging        | 1 |  1.3
Axes           | 2 3 |  3.2
Armour         | 2 |  2.5
Invocations    | 3 |  3.2
Fighting       | |  3.3
Stealth        | |  0.8
Shields        | |  0.9

Action                   |  1- 3 |  4- 6 || total
-------------------------+-------+-------++-------
Melee: Hand axe          |   111 |    97 ||   208
  Eat: Chunk             |     2 |     3 ||     5
Armor: Scale mail        |    33 |    25 ||    58
       Leather armour    |     2 |       ||     2
       Chain mail        |       |     8 ||     8
Dodge: Dodged            |    57 |    39 ||    96
Block: Shield            |    44 |    41 ||    85

Table legend:
 A = Non-vault XP
 B = Vault XP
 C = Vault XP percentage of total XP
 D = Non-vault monster count
 E = Vault monster count
 F = Vault count percentage of total count
                 A         B        C        D         E       F
            +---------+---------+-------+---------+---------+-------
      Total |     159 |      42 |  20.9 |      60 |       3 |   4.8
            +---------+---------+-------+---------+---------+-------
        D:1 |      18 |       0 |   0.0 |      11 |       0 |   0.0
        D:2 |      91 |      42 |  31.6 |      31 |       3 |   8.8
        D:3 |      50 |       0 |   0.0 |      18 |       0 |   0.0
            +---------+---------+-------+---------+---------+-------
